[Event "*** Titled Tuesday Blitz"]
[Site "Chess.com"]
[Date "2021.02.02"]
[Round "5"]
[White "DrVelja"]
[Black "fmshawnrl123"]
[Result "0-1"]
[WhiteElo "2890"]
[BlackElo "2779"]
[TimeControl "180+1"]
[EndTime "10:58:51 PST"]
[Termination "fmshawnrl123 won by resignation"]

1. e4 c6 2. d4 d5 3. e5 Bf5 4.
h4 Qc7 5. h5 h6 6. g4 Bd7 7. c4 e6 8. Nc3 Ne7 9. Nf3 Na6 10. Be3 dxc4 11. Bxc4 Nb4 12. Ne4 Ned5 13. Bd2 Be7 14. a3 Na6 15. Rc1 Qb6 16. b4 Nac7 17. Qe2 Nb5 18. Qd3 Qa6 19. g5 hxg5 20. Nfxg5 Rd8 21.
Rh3 Qb6 22. a4 Qxd4 23. axb5 Qxe5 24. Qe2 Nf4 25. Bxf4 Qxf4 26. Rf3 Qxc1+ 27. Qd1 Qxd1+ 28. Kxd1 cxb5 29. Nxf7 bxc4 30. Nxh8 Bc6+ 31. Ke2 Bxe4 32. Rg3 Bd3+ 33. Ke3 Bf6 34. h6 gxh6 35. Ng6 Bxg6 36.
Rxg6 Kf7 37. Rg1 Rd3+ 38. Ke4 b5 39. f4 Rd4+ 40. Ke3 c3 41. Ra1 Rd7 42. Rc1 e5 43.
fxe5 Bg5+ 44. Ke4 Bxc1 45. Kf5 Rd5 46. Ke4 Ke6 47. Kf3 Bg5 48. Ke2 c2 0-1

[Event "*** Titled Tuesday Blitz"]
[Site "Chess.com"]
[Date "2021.02.02"]
[Round "5"]
[White "Squirlolz"]
[Black "Mbneu"]
[Result "1-0"]
[WhiteElo "2499"]
[BlackElo "2295"]
[TimeControl "180+1"]
[EndTime "10:58:51 PST"]
[Termination "Squirlolz won by resignation"]

1. d4 Nf6 2. Nf3 c5 3. d5 e6 4. c4 exd5 5. cxd5 d6 6. g3 g6 7.
Bg2 Bg7 8. O-O O-O 9. Nc3 a6 10.
a4 Re8 11. Bf4 Bf5 12. Nd2 Nh5 13. e4 Nxf4 14. gxf4 Bc8 15. Nc4 Bd4 16. a5 Qf6 17.
Qf3 Nd7 18. e5 dxe5 19. Ne4 Qg7 20. f5 Nf6 21. fxg6 Nxe4 22. gxf7+ Qxf7 23. Qxe4 Bf5 24. Qh4 Rad8 25. Rae1 Qg7 26. Kh1 Kh8 27. d6 Bd3 28. Bd5 Bxf1 29. Rxf1 Rf8 30. Rg1 Qf6 31. Qh5 Rd7 32.
Rg2 Rg7 33. f3 Rxg2 34. Kxg2 Qg6+ 35. Qxg6 hxg6 36. Bxb7 Rd8 37. Bxa6 Kg7 38. Bb7 Kf6 39. a6 Ke6 40. a7 Kd7 41. a8=Q Rxa8 42. Bxa8 1-0

[Event "*** Titled Tuesday Blitz"]
[Site "Chess.com"]
[Date "2021.02.02"]
[Round "5"]
[White "jorquerino"]
[Black "Nozdrachev_Leonid"]
[Result "0-1"]
[WhiteElo "2287"]
[BlackElo "2526"]
[TimeControl "180+1"]
[EndTime "10:58:51 PST"]
[Termination "Nozdrachev_Leonid won by resignation"]

1. e4 d6 2. Nc3 c5 3. g3 g6 4. Bg2 Bg7 5. d3 Nf6 6. h3 O-O 7. Nge2 Nc6 8. O-O Rb8 9. a4 a6 10. Be3 b5 11. axb5 axb5 12. Qd2 b4 13. Nd1 e5 14. Bh6 Nd4 15. Bxg7 Kxg7 16. f4 Qb6 17.
Kh2 Be6 18. Ne3 exf4 19. Nxf4 Rbe8 20. Rf2 Nd7 21. Nfd5 Qd8 22. Raf1 Bxd5 23. Nxd5 h6 24. c3 bxc3 25. bxc3 Ne6 26. Qb2 h5 27. Nf4 h4 28.
Nxe6+ fxe6 29. g4 Ne5 30. Qd2 Rxf2 31. Rxf2 Rf8 32. d4 Nc4 33. Qe1 Rxf2 34. Qxf2 Qf6 35. Qxf6+ Kxf6 36. Kg1 e5 37. dxc5 dxc5 38. Kf2 Kg5 39. Bf1 Nd2 40. Bd3 Kf4 41. Ke2 Nxe4 42. c4 g5 43. Bc2 Nd6 44. Bd3 e4 0-1

[Event "*** Titled Tuesday Blitz"]
[Site "Chess.com"]
[Date "2021.02.02"]
[Round "5"]
[White "Gabrielian_Artur"]
[Black "GOGIEFF"]
[Result "0-1"]
[WhiteElo "2782"]
[BlackElo "2915"]
[TimeControl "180+1"]
[EndTime "10:58:52 PST"]
[Termination "GOGIEFF won by resignation"]

1. c4 Nf6 2. Nc3 g6 3. g3 Bg7 4. Bg2 O-O 5. Nf3 Nc6 6. d4 a6 7.
O-O Rb8 8. e4 d6 9. a4 Bg4 10.
Be3 Nd7 11. h3 Bxf3 12. Bxf3 e5 13. dxe5 dxe5 14. Bg2 Nd4 15. f4 Nc5 16. b4 Nd7 17. f5 Nb6 18. c5 Nc4 19. Bf2 b5 20.
axb5 axb5 21. Kh1 c6 22. h4 Bh6 23. Ne2 Be3 24. Be1 Ra8 25. Rxa8 Qxa8 26. Nxd4 exd4 27.
h5 g5 28. f6 h6 29. Bh3 Qa2 30. Bd7 Ne5 31. Bf5 d3 32. g4 Rd8 33. Bg3 Qb2 34.
Qe1 d2 35. Qe2 Bf4 36. Bxf4 gxf4 37. Rd1 Qc3 38. g5 hxg5 39. Qg2 Qg3 40. Qxg3 fxg3 41.
Kg2 Nc4 42. Kf3 Nb2 0-1

[Event "*** Titled Tuesday Blitz"]
[Site "Chess.com"]
[Date "2021.02.02"]
[Round "5"]
[White "Lagmantr"]
[Black "PLAYER_2006_M"]
[Result "1-0"]
[WhiteElo "2761"]
[BlackElo "2540"]
[TimeControl "180+1"]
[EndTime "10:58:52 PST"]
[Termination "Lagmantr won by resignation"]

1. c4 e5 2. Nc3 Nc6 3. g3 Bc5 4. Bg2 d6 5. e3 a6 6. Nge2 Ba7 7. O-O h5 8. h3 h4 9. g4 f5 10. f3 Nf6 11. d4 Qe7 12. g5 Nh5 13. f4 e4 14. Nd5 Qd8 15. b4 Ne7 16. Nxe7 Qxe7 17. c5 d5 18. a4 c6 19. Bd2 Bb8 20. Be1 g6 21. Bxh4 Nxf4 22. Nxf4 Rxh4 23. Nxg6 Qc7 24. Rf4 Rxf4 25. exf4 Qh7 26. Ne5 Be6 27. b5 Bxe5 28. dxe5 Qh4 29. bxc6 bxc6 30. Qd2 Rb8 31. Qf2 Qxf2+ 32.
Kxf2 Rb2+ 33. Kg3 d4 34. h4 d3 35. h5 d2 36. Bf1 Ra2 37. Rb1 Ra3+ 38. Kg2 Rb3 39. Rd1 e3 40. Be2 Kf7 41. h6 Rc3 42. h7 Kg7 43. Rh1 Bd5+ 44. Bf3 Bxf3+ 45. Kxf3 d1=Q+ 46.
Rxd1 Kxh7 47. Rd7+ Kg8 48. e6 e2+ 49. Kxe2 Rxc5 50.
Rd8+ Kg7 51. e7 1-0

[Event "*** Titled Tuesday Blitz"]
[Site "Chess.com"]
[Date "2021.02.02"]
[Round "5"]
[White "FMJoseHerrera"]
[Black "lamomiablanca"]
[Result "1-0"]
[WhiteElo "2499"]
[BlackElo "2295"]
[TimeControl "180+1"]
[EndTime "10:58:52 PST"]
[Termination "FMJoseHerrera won on time"]

1. Nf3 Nf6 2. g3 g6 3. Bg2 Bg7 4. d3 O-O 5. Nc3 d6 6. h4 Nbd7 7. h5 e5 8. Bg5 h6 9. Bxf6 Nxf6 10. hxg6 fxg6 11. Qd2 Be6 12. O-O-O c6 13. Nh4 Bf7 14. f4 Re8 15. e4 Nh5 16. Ne2 a5 17. Rdf1 Rf8 18.
d4 exd4 19. g4 Nf6 20. Nxd4 Qb6 21. c3 Rae8 22. f5 g5 23. Ng6 Bxg6 24. fxg6 Nxe4 25. Bxe4 Rxe4 26. Rxf8+ Bxf8 27. Qf2 Rf4 28. Qe3 Qd8 29. Qe6+ Kg7 30. Nf5+ Rxf5 31. gxf5 Qf6 32. Qd7+ Qe7 33. Qxe7+ Bxe7 34. Re1 Bf6 35. Kd2 Be5 36. Ke3 Kf6 37. Ke4 g4 38. c4 h5 39. Rh1 Kg5 40. c5 1-0

[Event "*** Titled Tuesday Blitz"]
[Site "Chess.com"]
[Date "2021.02.02"]
[Round "5"]
[White "KarateBaby"]
[Black "LileKoridze"]
[Result "0-1"]
[WhiteElo "2224"]
[BlackElo "2381"]
[TimeControl "180+1"]
[EndTime "10:58:52 PST"]
[Termination "LileKoridze won by resignation"]

1. b3 Nf6 2. Bb2 g6 3. Bxf6 exf6 4. c4 Bg7 5. Nc3 f5 6. Rc1 O-O 7. g3 c6 8. Bg2 b6 9. e3 Bb7 10.
Nge2 d5 11. cxd5 cxd5 12. d4 Na6 13. Nf4 Nc7 14. Qf3 Rc8 15. O-O Ba6 16. Rfd1 Bb7 17. Ncxd5 Nxd5 18. Nxd5 Rxc1 19. Rxc1 Ba8 20. a4 Qd6 21.
Qf4 Qa3 22. Re1 Qxb3 23. Ne7+ Kh8 24. Bxa8 Rxa8 25. a5 Qb4 26. Rc1 Qxe7 27. Rc7 Qe8 28. axb6 axb6 29. Qf3 Rc8 30. Rb7 b5 31. Qe2 Rc1+ 32.
Kg2 Qe4+ 33. Qf3 Rg1+ 34. Kxg1 Qxf3 35. Rxb5 Qd1+ 36. Kg2 Bh6 37. Rb8+ Kg7 38. Rb5 Qd3 39. Rd5 Qe4+ 0-1

[Event "*** Titled Tuesday Blitz"]
[Site "Chess.com"]
[Date "2021.02.02"]
[Round "5"]
[White "marvinguevara"]
[Black "gumimis"]
[Result "0-1"]
[WhiteElo "2132"]
[BlackElo "2326"]
[TimeControl "180+1"]
[EndTime "10:58:53 PST"]
[Termination "gumimis won on time"]

1. e4 c5 2. d4 cxd4 3. c3 dxc3 4. Nxc3 e6 5. Nf3 a6 6. Bc4 b5 7. Bb3 Bb7 8. O-O d6 9. Re1 Nd7 10. Nd5 exd5 11. exd5+ Be7 12. Bg5 Kf8 13. Bf4 Ngf6 14.
Rc1 Nc5 15. Rxc5 dxc5 16. d6 Bxd6 17. Bxd6+ Kg8 18. Bxc5 Qxd1 19. Rxd1 Bxf3 20. gxf3 Rc8 21. Be7 h5 22. Rd6 Ne8 23. Rd7 Rc7 24. Rxc7 Nxc7 25. Bd8 Ne6 26. Bd5 Kh7 27. Kg2 Rxd8 28. Kg3 Rxd5 29. Kh4 g5+ 30. Kg3 h4+ 31. Kg2 Nf4+ 0-1

[Event "*** Titled Tuesday Blitz"]
[Site "Chess.com"]
[Date "2021.02.02"]
[Round "5"]
[White "sergiochess83"]
[Black "vladjianu"]
[Result "1-0"]
[WhiteElo "2848"]
[BlackElo "2585"]
[TimeControl "180+1"]
[EndTime "10:58:54 PST"]
[Termination "sergiochess83 won by resignation"]

1. e4 d6 2. d4 Nf6 3. Nc3 g6 4. Nf3 Bg7 5. Be3 O-O 6. Qd2 a6 7. Bh6 b5 8. Bd3 Nc6 9. Bxg7 Kxg7 10. e5 dxe5 11. dxe5 Ng4 12. O-O-O b4 13. h3 Ngxe5 14. Nxe5 Nxe5 15. Qf4 Qd6 16. Ne2 Nxd3+ 17. Rxd3 Qxf4+ 18. Nxf4 Bf5 19. Rd5 Rfd8 20. Rhd1 Rd6 21. g4 Bd7 22.
Rc5 Rc8 23. Nd3 Rb8 24. Rxc7 Rb5 25. Nc5 Be8 26. Rxe7 Rxd1+ 27. Kxd1 Kf8 28. Rc7 a5 29. Kd2 Rb6 30. f4 Rd6+ 31. Ke3 Bc6 32. Nd3 Re6+ 33. Kf2 Bd5 34. Rc5 Bxa2 35. Rxa5 b3 36. Nc1 Bb1 37.
Nxb3 Bxc2 38. Nd4 1-0

[Event "*** Titled Tuesday Blitz"]
[Site "Chess.com"]
[Date "2021.02.02"]
[Round "5"]
[White "FMOlexandrProhorov"]
[Black "Piotrek1979"]
[Result "0-1"]
[WhiteElo "2146"]
[BlackElo "2335"]
[TimeControl "180+1"]
[EndTime "10:58:54 PST"]
[Termination "Piotrek1979 won by resignation"]

1. e4 c5 2. c3 Nf6 3. e5 Nd5 4. g3 d6 5. exd6 Qxd6 6. Bg2 Nc6 7. Nf3 g6 8. O-O Bg7 9. Na3 O-O 10. d4 cxd4 11.
Nb5 Qd8 12. Nbxd4 Bd7 13. Re1 Re8 14. Nxc6 Bxc6 15. Nd4 Qb6 16. Nxc6 bxc6 17. Qb3 e6 18. Be3 Nxe3 19. Rxe3 Rab8 20. Qxb6 Rxb6 21. b3 Rd8 22.
Kf1 c5 23. Ke1 Rbd6 24. Rc1 a5 25. Bf1 Rd2 26. Re2 R2d3 27. Rec2 R3d6 28. Be2 h5 29. h4 Bh6 30. f4 Bg7 31. Rd1 e5 32. Rxd6 Rxd6 33.
f5 gxf5 34. Bxh5 e4 35. Be2 Be5 36. Kf2 Kg7 37. a3 Rg6 38. h5 Rxg3 39. Rd2 e3+ 0-1

[Event "*** Titled Tuesday Blitz"]
[Site "Chess.com"]
[Date "2021.02.02"]
[Round "5"]
[White "Srisshhhtea"]
[Black "horripile"]
[Result "0-1"]
[WhiteElo "2445"]
[BlackElo "2715"]
[TimeControl "180+1"]
[EndTime "10:58:55 PST"]
[Termination "horripile won on time"]

1. d4 Nf6 2. c4 e6 3. Nf3 Bb4+ 4. Bd2 a5 5. g3 d6 6. Bg2 Nbd7 7. O-O e5 8. Bg5 exd4 9. Nxd4 O-O 10. e3 h6 11.
Bxf6 Nxf6 12. a3 Bc5 13. Nc3 c6 14. Qd2 Qc7 15. Rad1 Rd8 16. Nb3 Ba7 17. e4 Be6 18. Qd3 Nd7 19. Nd4 Ne5 20. Nxe6 fxe6 21. Qe2 Qb6 22.
Bh3 Kf7 23. Kg2 Qb3 24. f4 Nxc4 25. f5 exf5 26. Bxf5 Ne3+ 27. Kh1 Kg8 28. Qh5 Qc2 29.
Ne2 Nxd1 30. Qg6 Qxe2 31. Qh7+ Kf8 32. Rf4 Nf2+ 33. Kg2 Nxe4+ 34. Kh1 Qe1+ 35. Kg2 Qg1+ 0-1

[Event "*** Titled Tuesday Blitz"]
[Site "Chess.com"]
[Date "2021.02.02"]
[Round "5"]
[White "Shepherdboy"]
[Black "Meri-Arabidze"]
[Result "1/2-1/2"]
[WhiteElo "2420"]
[BlackElo "2608"]
[TimeControl "180+1"]
[EndTime "10:58:55 PST"]
[Termination "Game drawn by repetition"]

1. d4 d5 2. Bf4 Nf6 3. e3 e6 4. Bd3 Bd6 5. Bg3 c5 6. c3 Nc6 7. Nd2 O-O 8. Ngf3 b6 9. Qe2 Bb7 10. Rd1 h6 11. Ne5 Qc7 12. Nxc6 Bxc6 13. Bxd6 Qxd6 14. Nf3 Bb7 15. O-O Ne4 16. Ne5 Qc7 17. Qg4 Nf6 18. Qh4 a5 19. Rfe1 Ba6 20. Bxa6 Rxa6 21.
Ng4 Nxg4 22. Qxg4 Raa8 23. e4 dxe4 24. Qxe4 Rad8 25. dxc5 Qxc5 26. Qe2 Rd5 27. Rxd5 Qxd5 28. c4 Qc5 29. Rd1 a4 30. g3 Rc8 31. b3 Qb4 32. Qd2 Qa3 33. Qd7 Rf8 34. Qxa4 Qxa4 35. bxa4 Ra8 36. Rb1 Rxa4 37. Rxb6 Rxc4 38. Rb8+ Kh7 39. Rb7 Kg6 40. Ra7 Rc2 41. a4 Ra2 42. a5 f5 43.
a6 Kf6 44. Kg2 e5 45. Ra8 e4 46. Kf1 Kg5 47. h3 g6 48. a7 Kh5 49. Kg1 Ra1+ 50.
Kg2 Ra3 51. Kf1 Ra2 52. Kg1 Kg5 53. Kf1 Ra1+ 54. Kg2 Ra2 55. Kf1 1/2-1/2

[Event "*** Titled Tuesday Blitz"]
[Site "Chess.com"]
[Date "2021.02.02"]
[Round "5"]
[White "HackingKid98"]
[Black "Sanyura"]
[Result "0-1"]
[WhiteElo "2450"]
[BlackElo "2700"]
[TimeControl "180+1"]
[EndTime "10:58:55 PST"]
[Termination "Sanyura won by resignation"]

1. d4 Nf6 2. c4 g6 3. g3 Bg7 4.
Bg2 O-O 5. Nf3 d6 6. O-O Nbd7 7.
Nc3 e5 8. e4 exd4 9. Nxd4 Nc5 10.
f3 c6 11. Be3 Re8 12. Qd2 Ne6 13.
Rfd1 Qa5 14. Nd5 Qxd2 15. Nxf6+ Bxf6 16. Rxd2 a5 17. Rad1 a4 18. Ne2 Be7 19. Nc3 Nc5 20.
Bxc5 dxc5 21. f4 Bg4 22. Ne2 Be6 23. b3 axb3 24. axb3 Ra3 25. Nc1 b5 26. Bf1 Rb8 27.
h3 bxc4 28. bxc4 Rxg3+ 29. Kh2 Rf3 30. f5 gxf5 31. Bg2 Rf4 32. Nd3 Rh4 33. exf5 Bxf5 34. Ne5 Bg5 35. Nxc6 Bxd2 36. Rxd2 Re8 37. Bd5 Be4 38.
Re2 Kf8 39. Kg3 Bxd5 40. Rxe8+ Kxe8 41. cxd5 Ra4 42. Ne5 f6 43. Ng4 Ke7 44. Kf3 Ra3+ 45. Kf4 Rxh3 46. d6+ Kxd6 47. Nxf6 Rh1 48. Ke3 h5 49.
Kf2 c4 50. Kg2 Rh4 51. Kg3 Rg4+ 52. Kf3 Rh4 53. Kg3 Ke6 54. Ne8 Rg4+ 55. Kf3 c3 56.
Nc7+ Kf5 57. Nb5 c2 58. Nd6+ Ke6 59. Ne4 Rxe4 0-1

[Event "*** Titled Tuesday Blitz"]
[Site "Chess.com"]
[Date "2021.02.02"]
[Round "5"]
[White "ozates"]
[Black "Make_it_shine060"]
[Result "1-0"]
[WhiteElo "2477"]
[BlackElo "2177"]
[TimeControl "180+1"]
[EndTime "10:58:55 PST"]
[Termination "ozates won by checkmate"]

1. e4 c5 2. Nf3 d6 3. Bb5+ Bd7 4. Bxd7+ Qxd7 5. O-O Nf6 6. Qe2 Nc6 7. Rd1 g6 8. c3 Bg7 9. d4 cxd4 10. cxd4 O-O 11. Nc3 Rac8 12. h3 Rfd8 13. Bf4 Qe8 14. e5 dxe5 15. dxe5 Nh5 16. Bh2 Bh6 17. Qe4 f5 18. Qc4+ Kh8 19. Qh4 f4 20. Ne4 Bg7 21. Bxf4 Nxf4 22.
Qxf4 h6 23. Nc5 Rxd1+ 24. Rxd1 g5 25. Qf5 Nxe5 26. Nxe5 Rxc5 27. Ng6+ Kg8 28. Qxc5 Qxg6 29. Qxe7 Qc2 30. Qe6+ Kh7 31. Qd5 Qxb2 32. Qe4+ Kg8 33. Rd8+ Kf7 34. Qf5+ Bf6 35. Rd7+ Kf8 36. Qc5+ Kg8 37.
Qc8+ Bd8 38. Qxd8# 1-0

[Event "*** Titled Tuesday Blitz"]
[Site "Chess.com"]
[Date "2021.02.02"]
[Round "5"]
[White "Sam_ChessMood"]
[Black "chessasuke"]
[Result "1-0"]
[WhiteElo "2835"]
[BlackElo "2590"]
[TimeControl "180+1"]
[EndTime "10:58:56 PST"]
[Termination "Sam_ChessMood won by checkmate"]

1. c4 e6 2. Nc3 d5 3. d4 Nf6 4. Nf3 Be7 5. Bf4 O-O 6. e3 b6 7.
Rc1 Bb7 8. cxd5 exd5 9. Bd3 c5 10. O-O Nbd7 11. Ne5 a6 12. Qf3 Ra7 13. Rfd1 c4 14. Bb1 b5 15. a3 Re8 16. Bg5 Nf8 17. Qh3 Ne4 18. Bxe7 Qxe7 19. Qf3 Nf6 20. Qg3 Ng6 21. f4 Raa8 22. Qf3 Rad8 23. Rf1 Qd6 24. Rcd1 Qb6 25. Kh1 a5 26. g4 b4 27. Na4 Qb5 28. Nc5 Ba8 29. g5 Ne4 30. Bxe4 dxe4 31. Qe2 Bd5 32. Ng4 Ne7 33. f5 Qc6 34. f6 Ng6 35. fxg7 Kxg7 36. Nf6 Re7 37. Qh5 Rh8 38. Qh6# 1-0

[Event "*** Titled Tuesday Blitz"]
[Site "Chess.com"]
[Date "2021.02.02"]
[Round "5"]
[White "guillembaches"]
[Black "northridgehawk"]
[Result "1-0"]
[WhiteElo "2461"]
[BlackElo "2316"]
[TimeControl "180+1"]
[EndTime "10:58:56 PST"]
[Termination "guillembaches won by resignation"]

1. e4 e5 2. Nf3 Nc6 3. Nc3 Nf6 4.
d4 exd4 5. Nxd4 Bb4 6. Nxc6 bxc6 7. Bd3 d5 8. Bd2 Kf8 9. e5 Ng4 10. Qe2 Bc5 11. O-O Qh4 12. h3 h5 13. Na4 Qg3 14.
Qxg4 hxg4 15. Nxc5 Qh4 16. Kh2 Rb8 17. Rae1 gxh3 18. g3 Qe7 19. b4 Bg4 20. f4 Kg8 21.
f5 a5 22. f6 Qf8 23. e6 axb4 24. Nd7 Qc5 25. Nxc5 fxe6 26. f7+ Kf8 27. Nxe6+ Ke7 28. Ng5+ Kd6 29. Bxb4+ c5 30. Bd2 c4 31. Bf4+ Kc6 32.
Bg6 Rhf8 33. Ne6 Bxe6 34. Rxe6+ Kc5 35. Re7 c6 36. Bxb8 Rxb8 37. Re8 Rb2 38. f8=Q+ Kd4 39.
Qxg7+ Kc5 40. Qxb2 1-0

[Event "*** Titled Tuesday Blitz"]
[Site "Chess.com"]
[Date "2021.02.02"]
[Round "5"]
[White "kamilianin235"]
[Black "hypert"]
[Result "0-1"]
[WhiteElo "2224"]
[BlackElo "2379"]
[TimeControl "180+1"]
[EndTime "10:58:56 PST"]
[Termination "hypert won by resignation"]

1. e4 e5 2. Nf3 Nc6 3. Bc4 Bc5 4. c3 Nf6 5. d3 O-O 6. Nbd2 a6 7. a4 Re8 8. Nf1 d5 9. exd5 Nxd5 10. Ng3 Nf4 11. O-O Bg4 12. h3 Be6 13. Bxe6 Rxe6 14. Bxf4 exf4 15. Ne4 Be7 16. Re1 Qd5 17. Qc2 Rg6 18. Kh1 Rd8 19. Rad1 Rh6 20. Qc1 g5 21. Nh2 Re6 22.
Nf3 h5 23. c4 Qf5 24. Qc3 g4 25. Ng1 Nd4 26. b4 f3 27. g3 h4 28. gxh4 Bxh4 29. Qc1 gxh3 30. Qe3 Rg6 31. Rd2 Qg4 32. Ng3 Bxg3 33.
fxg3 Qxg3 34. Rh2 Nf5 35. Qf2 Qg4 36. Qxf3 Ng3+ 0-1

[Event "*** Titled Tuesday Blitz"]
[Site "Chess.com"]
[Date "2021.02.02"]
[Round "5"]
[White "Al_Shima"]
[Black "Nachsueb"]
[Result "1/2-1/2"]
[WhiteElo "2285"]
[BlackElo "2171"]
[TimeControl "180+1"]
[EndTime "10:58:56 PST"]
[Termination "Game drawn - insufficient material"]

1. c4 Nf6 2. Nc3 c5 3. g3 Nc6 4. Bg2 e6 5. Nf3 Be7 6. O-O O-O 7. d4 cxd4 8. Nxd4 a6 9. e4 Qc7 10. Be3 d6 11. Rc1 Bd7 12. Nd5 exd5 13. cxd5 Rfc8 14. dxc6 bxc6 15. e5 dxe5 16. Nxc6 Bxc6 17. Rxc6 Qa5 18. a3 Rxc6 19. Bxc6 Rb8 20. Qe2 Rc8 21. Bb7 Rb8 22. Qxa6 Qxa6 23. Bxa6 Rxb2 24. a4 Nd5 25. Rc1 Nxe3 26. Rc8+ Bf8 27. fxe3 g6 28. Rc7 Ra2 29. Bc4 Rxa4 30. Bxf7+ Kh8 31. Kg2 Bd6 32. Rd7 Ra6 33. Bd5 Bf8 34. h4 Rd6 35. Rxd6 Bxd6 36. Kf3 Kg7 37.
g4 Kf6 38. g5+ Kg7 39. Ke4 h6 40. Bc6 hxg5 41. hxg5 Be7 42. Kxe5 Bxg5 43. e4 Kf8 44. Ke6 Bh4 45. Kd7 Be7 46. e5 Bh4 47. e6 Be7 48. Be4 Bh4 49. Bxg6 Be7 50. Bf7 Bh4 51. Bg6 Be7 52. Be4 Bh4 53. Bd5 Be7 54. Bc6 Bh4 55. e7+ Bxe7 1/2-1/2

[Event "*** Titled Tuesday Blitz"]
[Site "Chess.com"]
[Date "2021.02.02"]
[Round "5"]
[White "ViktoriyaTarasova"]
[Black "eCztery"]
[Result "0-1"]
[WhiteElo "2297"]
[BlackElo "2432"]
[TimeControl "180+1"]
[EndTime "10:58:57 PST"]
[Termination "eCztery won by resignation"]

1. d4 Nf6 2. c4 e6 3. Nc3 d5 4. cxd5 exd5 5. Bg5 Nbd7 6. Qc2 Bb4 7. e3 c5 8. Nf3 Qa5 9. Bd3 O-O 10. O-O Bxc3 11.
bxc3 c4 12. Bf5 g6 13. Bxd7 Nxd7 14. Ne5 f6 15. Nxd7 Bxd7 16. Bh6 Rfe8 17. Rac1 Bf5 18. Qd2 Bd3 19. Rfe1 Re7 20. Bf4 h5 21. h4 Rae8 22.
f3 Qd8 23. Qf2 Rf7 24. Rcd1 g5 25. hxg5 fxg5 26. Be5 Re6 27. Rxd3 cxd3 28. Qd2 g4 29. f4 Qh4 30. Rb1 g3 31. Qxd3 Qh2+ 32. Kf1 Qh1+ 33. Ke2 Qxg2+ 34. Kd1 Qg1+ 35. Kc2 Qf2+ 36. Kc1 g2 0-1

[Event "*** Titled Tuesday Blitz"]
[Site "Chess.com"]
[Date "2021.02.02"]
[Round "5"]
[White "poliplaza"]
[Black "Darius321"]
[Result "1-0"]
[WhiteElo "2501"]
[BlackElo "2275"]
[TimeControl "180+1"]
[EndTime "10:58:57 PST"]
[Termination "poliplaza won on time"]

1. d4 d5 2. c4 e6 3. Nc3 c5 4. cxd5 cxd4 5. Qxd4 Nc6 6. Qa4 exd5 7. e3 Nf6 8. Nf3 Bc5 9. Bd3 O-O 10. O-O Bg4 11. Nd4 Nxd4 12. exd4 Bd6 13. Bg5 Be6 14. h3 h6 15. Bh4 a6 16. Rae1 b5 17. Qc2 Rc8 18.
Qe2 Bb8 19. Qf3 Qd6 20. Bg3 Qd7 21. Be5 Nh7 22. Bb1 Ng5 23. Qd3 g6 24. Qe3 Bxe5 25.
Qxe5 b4 26. Ne2 Bxh3 27. Nf4 Qg4 28. f3 Qg3 29. Kh1 Bxg2+ 30. Nxg2 Qh3+ 31. Qh2 Qd7 32. Qxh6 Ne6 33. Nh4 Ng7 34. Nxg6 fxg6 35. Bxg6 Qh3+ 36.
Qxh3 1-0

[Event "*** Titled Tuesday Blitz"]
[Site "Chess.com"]
[Date "2021.02.02"]
[Round "5"]
[White "LawrenceTrent"]
[Black "Lukianoo"]
[Result "1-0"]
[WhiteElo "2583"]
[BlackElo "2755"]
[TimeControl "180+1"]
[EndTime "10:58:58 PST"]
[Termination "LawrenceTrent won by resignation"]

1. e4 c6 2. Nc3 d5 3. Nf3 a6 4. d4 Bg4 5. h3 Bh5 6. exd5 cxd5 7. g4 Bg6 8. Ne5 Nc6 9. Bg2 e6 10. h4 Nxe5 11. dxe5 h5 12. Bg5 Qc7 13. Qe2 Bb4 14. Bd2 hxg4 15. O-O-O Nh6 16. Kb1 Rc8 17. Rc1 Qe7 18. h5 Bh7 19. Nd1 Bxd2 20. Qxd2 O-O 21. Ne3 Rc5 22. Ka1 Rfc8 23. c3 Qg5 24. Qd4 b5 25.
Rcg1 a5 26. Bf1 b4 27. Ba6 R8c6 28. Nxg4 Nf5 29. Nf6+ Qxf6 30. Qxc5 Rxc5 31. exf6 bxc3 32.
Bd3 cxb2+ 33. Kxb2 Kh8 34. Bxf5 Bxf5 35. fxg7+ Kg8 36.
h6 Rc2+ 37. Ka3 Rc3+ 38. Ka4 Rc2 39. h7+ Bxh7 40. Rxh7 Rxa2+ 41. Kb3 1-0

[Event "*** Titled Tuesday Blitz"]
[Site "Chess.com"]
[Date "2021.02.02"]
[Round "5"]
[White "Kapitan_Bayan"]
[Black "Jungle_Jaguar"]
[Result "0-1"]
[WhiteElo "2435"]
[BlackElo "2609"]
[TimeControl "180+1"]
[EndTime "10:58:58 PST"]
[Termination "Jungle_Jaguar won on time"]

1. d4 Nf6 2. Nf3 g6 3. c4 Bg7 4. Nc3 O-O 5. e4 d6 6. Be2 e5 7.
O-O Nc6 8. d5 Ne7 9. Nd2 Ne8 10.
b4 f5 11. a4 a5 12. bxa5 Rxa5 13. Ba3 b6 14. Bb4 Ra8 15. a5 c5 16. dxc6 Nxc6 17.
Qa4 Bd7 18. a6 Bh6 19. Nb5 Rxa6 20. Qxa6 Nxb4 21. Qa4 Bxd2 22. Rfd1 Bc3 23. Rac1 Bd4 24. Qxb4 Bc5 25. Qd2 fxe4 26. Rf1 Bc6 27. Qh6 Qf6 28. Nc3 Ng7 29. Nd5 Bxd5 30. cxd5 Nf5 31. Qh3 Nd4 32. Bg4 Qf4 33. Be6+ Kg7 34. Rce1 Nc2 35.
Re2 Nb4 36. Rb2 Nd3 37. Re2 Nxf2 0-1

[Event "*** Titled Tuesday Blitz"]
[Site "Chess.com"]
[Date "2021.02.02"]
[Round "5"]
[White "erlesfar"]
[Black "fabianvivasz"]
[Result "0-1"]
[WhiteElo "2484"]
[BlackElo "2317"]
[TimeControl "180+1"]
[EndTime "10:58:58 PST"]
[Termination "fabianvivasz won by resignation"]

1. e4 e5 2. Bc4 Nf6 3. Nc3 Nxe4 4. Nf3 Nc6 5. O-O Nxc3 6. dxc3 h6 7. Qd5 Qf6 8. Re1 d6 9. Bb5 Bd7 10. Nd4 Nd8 11.
Bxd7+ Kxd7 12. Nb3 c6 13. Qa5 b6 14. Qa6 Ne6 15.
Qb7+ Nc7 16. Be3 Be7 17. Rad1 Rhb8 18. Qxb8 Rxb8 19. a4 a5 20. c4 Ke8 21. Nd2 d5 22. c3 Kf8 23. b3 Qg6 24. g3 f5 25.
f4 e4 26. Bd4 c5 27. Be5 Bd6 28. Bxd6+ Qxd6 29. cxd5 Nxd5 30. Nc4 Qe6 31. Rc1 g5 32.
fxg5 hxg5 33. Re2 f4 34. Rd1 Nxc3 35. Red2 Nxd1 36. Rxd1 fxg3 37. hxg3 Qg4 38. Rf1+ Kg7 39. Kg2 Rh8 40. Ne3 Qh3+ 41. Kf2 Rf8+ 42. Ke2 Rxf1 43. Nxf1 Qg2+ 44. Ke1 Qb2 45. Ne3 Qxb3 46. Ke2 Qxa4 47. Nf5+ Kf6 48. Nd6 Qc2+ 49. Ke1 Qc3+ 50. Kf2 Qd4+ 0-1

[Event "*** Titled Tuesday Blitz"]
[Site "Chess.com"]
[Date "2021.02.02"]
[Round "5"]
[White "Aradej"]
[Black "Chimpinha"]
[Result "1-0"]
[WhiteElo "2545"]
[BlackElo "2390"]
[TimeControl "180+1"]
[EndTime "10:58:59 PST"]
[Termination "Aradej won by resignation"]

1. d4 Nf6 2. Nf3 g6 3. e3 Bg7 4. Be2 O-O 5. O-O d6 6. c4 Nbd7 7. Nc3 e5 8. Qc2 c6 9. Rd1 Re8 10. b4 e4 11. Nd2 Qe7 12. a4 Nf8 13. Ba3 h5 14. b5 Bf5 15. bxc6 bxc6 16. h3 h4 17.
Rab1 N8h7 18. Bf1 Ng5 19. Ne2 Qd7 20. Nf4 Ne6 21. Nxe6 Bxe6 22. Rb2 Bf5 23. Rdb1 g5 24. Rb7 Qe6 25. Rc7 Rec8 26. Rbb7 Rxc7 27. Rxc7 Rc8 28.
Rxc8+ Qxc8 29. Bxd6 g4 30. hxg4 Nxg4 31. Qb3 Qe6 32. Bf4 Bh6 33. Qb8+ Kg7 34. Be2 a5 35. Bxg4 Bxg4 36. Bxh6+ Qxh6 37. Nxe4 Qe6 38. Qf4 Bf5 39.
Ng5 Qg6 40. Qxh4 Bc2 41. Nf3 Bxa4 42. Ne5 Qb1+ 43. Kh2 Qh7 44. Qxh7+ Kxh7 45. Kg3 Bb3 46. Nxc6 a4 47. c5 a3 48. Nb4 a2 49. Nxa2 Bxa2 50. Kf4 Kg6 51. Ke5 Kg7 52. d5 Kf8 53. Kd6 Ke8 54.
c6 Kd8 55. e4 Bc4 56. f4 Bd3 57. e5 Be4 58. g4 Bf3 59. g5 Be4 60. e6 fxe6 61.
Kxe6 Kc7 62. f5 Bd3 63. g6 1-0

[Event "*** Titled Tuesday Blitz"]
[Site "Chess.com"]
[Date "2021.02.02"]
[Round "5"]
[White "Happy1712Drummer"]
[Black "PriSachu"]
[Result "0-1"]
[WhiteElo "2343"]
[BlackElo "2480"]
[TimeControl "180+1"]
[EndTime "10:59:00 PST"]
[Termination "PriSachu won by resignation"]

1. Nf3 Nf6 2. d4 g6 3. Bg5 Bg7 4. h4 h6 5. Bf4 d6 6. c3 Nbd7 7. Nbd2 b6 8. a4 Bb7 9. a5 O-O 10. e3 a6 11. axb6 cxb6 12. Nc4 b5 13. Na5 Be4 14. Bd3 Qb6 15. Bxe4 Nxe4 16. O-O Ndf6 17. Nd2 Nxd2 18. Qxd2 Rfc8 19. Ra2 Ne4 20. Qd3 d5 21. f3 Nd6 22. Nb3 Nc4 23. Kh1 b4 24. Nc5 bxc3 25.
bxc3 a5 26. Rb1 Qc6 27. Bg3 e5 28. e4 exd4 29. cxd4 Nd6 30. Rc2 dxe4 31. fxe4 a4 32.
d5 Qc7 33. e5 Nf5 34. d6 Qc6 35. Bh2 a3 36. d7 Rd8 37. Rd1 a2 38. Qf1 Bf8 39. Bg1 Ng3+ 40. Kh2 Nxf1+ 41. Rxf1 a1=Q 42. Rxa1 Rxa1 43. Bf2 Qd5 0-1